Map: Arctic Dream LE

Players

PongLenis - Winner!

  • Race: Terran Terran
  • League: Platinum
  • Spawn Location: 12:00

ActionJaxon - Winner!

  • Race: Zerg Zerg
  • League: Master
  • Spawn Location: 11:00

Massa

  • Race: Terran Terran
  • League: Platinum
  • Spawn Location: 6:00

qqq

  • Race: Zerg Zerg
  • Spawn Location: 5:00

VOD

Have the link to the VOD?

Description

Time

  • Played on: Nov. 17, 2020, 3:03 p.m.
  • Length: 18:37
Show
View Real Time Build Order
Export as new Build Order

PongLenis Terran - Winner!

Build Orders: 2 Factory, Mech 

Get SALT Encoding   

  12  0:01  SCV  
  13  0:13  SCV  
  14  0:25  SCV  
  15  0:34  Supply Depot  
  15  0:36  Refinery  
  15  0:41  Refinery  
  15  0:56  SCV  
  16  0:59  Barracks  
  16  1:01  Supply Depot  
  16  1:08  SCV  
  17  1:20  SCV  
  18  1:32  SCV  
  19  1:44  SCV  
  20  1:50  Factory  
  20  1:51  Marine  
  21  1:56  SCV  
  22  2:09  SCV  
  22  2:11  Factory  
  23  2:21  Barracks Tech Lab  
  23  2:24  SCV  
  24  2:36  Factory Tech Lab, SCV  
  25  2:40  Armory  
  26  2:54  Orbital Command  
  26  2:56  Factory Tech Lab  
  25  3:00  Marine  
  25  3:17  Marine  
  25  3:18  Hellion x2  
  30  3:31  Infernal Pre-Igniter  
  30  3:33  Drilling Claws  
  30  3:40  Supply Depot  
  30  3:50  Hellion x2  
  34  4:01  Marauder  
  36  4:11  Hellion x2  
  40  4:32  Command Center  
  40  4:47  Hellbat x2  
  40  4:51  Supply Depot  
  44  5:11  Hellbat  
  44  5:12  Hellbat  
  44  5:32  Thor  
  44  5:34  SCV  
  51  5:47  SCV  
  52  5:58  Starport  
  52  5:59  Starport, SCV, Terran Ship Weapons Level 1  
  52  6:03  Orbital Command  
  53  6:18  Engineering Bay  
  53  6:46  Thor x2  
  63  6:49  SCV  
  62  7:01  SCV, Starport Tech Lab x2  
  63  7:04  SCV  
  64  7:09  Fusion Core  
  64  7:13  SCV  
  65  7:16  SCV  
  66  7:25  Refinery, SCV  
  66  7:27  Refinery  
  66  7:28  SCV  
  68  7:37  SCV  
  69  7:45  Thor x3  
  69  7:49  SCV  
  70  7:53  Terran Vehicle And Ship Armor Level 1  
  70  7:56  Missile Turret  
  70  7:58  Missile Turret  
  70  8:07  SCV, Supply Depot  
  70  8:09  Supply Depot  
  70  8:11  Weapon Refit  
  71  8:16  SCV  
  71  8:19  SCV  
  73  8:28  SCV  
  73  8:31  SCV  
  75  8:40  SCV  
  82  8:41  Battlecruiser  
  82  8:43  SCV  
  71  8:52  SCV  
  47  9:04  SCV, Command Center  
  47  9:13  Battlecruiser  
  53  9:17  Supply Depot  
  53  9:36  Missile Turret  
  53  9:37  Widow Mine x2  
  57  9:42  Missile Turret  
  57  9:47  Terran Ship Weapons Level 2  
  57  9:56  Battlecruiser  
  57  9:59  Widow Mine x2  
  64  10:41  Fusion Core  
  64  10:47  Command Center  
  64  10:50  Factory Tech Lab  
  64  10:51  Command Center  
  64  10:52  Widow Mine  
  66  10:58  Supply Depot  
  66  11:13  Widow Mine  
  68  11:30  Thor  
  74  11:34  Battlecruiser  
  74  11:35  Widow Mine  
  82  11:40  Battlecruiser  
  76  12:19  Thor x2  
  82  12:47  Planetary Fortress  
  82  13:03  Widow Mine x2  
  82  13:04  Terran Vehicle Weapons Level 1  
  86  13:21  Planetary Fortress  
  86  13:24  Widow Mine x2  
  90  13:32  Battlecruiser  
  90  13:34  Battlecruiser  
  102  13:41  SCV  
  103  13:45  Widow Mine x2  
  103  13:47  Refinery  
  103  13:48  Refinery  
  107  13:50  Missile Turret  
  107  13:53  SCV, Missile Turret  
  108  14:00  SCV  
  109  14:05  SCV  
  109  14:07  Widow Mine x2  
  114  14:13  SCV  
  115  14:17  SCV  
  116  14:25  SCV, Missile Turret  
  116  14:29  SCV  
  116  14:31  Missile Turret  
  118  14:36  Battlecruiser  
  118  14:37  SCV  
  125  14:41  SCV  
  126  14:49  SCV  
  127  14:53  SCV  
  127  14:56  Refinery  
  127  14:58  Refinery  
  128  15:01  SCV  
  131  15:07  Widow Mine x2  
  131  15:13  SCV  
  134  15:16  SCV  
  135  15:25  SCV  
  135  15:28  Widow Mine, SCV  
  139  15:37  SCV  
  140  15:46  Widow Mine, SCV  
  140  15:49  SCV  
  146  15:50  Widow Mine  
  146  15:58  SCV  
  146  16:01  SCV  
  146  16:02  Battlecruiser  
  154  16:05  Battlecruiser  
  154  16:07  Widow Mine  
  154  16:10  SCV  
  154  16:11  Thor  
  169  16:37  Supply Depot  
  169  16:40  Supply Depot  
  169  16:58  Thor  
  175  17:01  Thor  
  175  17:02  Supply Depot  
  175  17:03  Supply Depot  
  175  17:07  Battlecruiser  
  181  17:10  Battlecruiser  
  181  17:41  Thor  
  187  17:44  Thor  
  187  17:45  Command Center  
  187  17:47  Refinery x2  
Show
View Real Time Build Order
Export as new Build Order

ActionJaxon Zerg - Winner!

Build Orders: Hatch First 

Get SALT Encoding   

  12  0:02  Drone  
  13  0:12  Overlord  
  13  0:17  Drone  
  14  0:30  Drone x2  
  16  0:36  Drone  
  17  0:52  Hatchery  
  17  0:56  Drone  
  17  0:58  Drone  
  18  1:10  Extractor  
  17  1:13  Spawning Pool  
  17  1:16  Drone  
  17  1:19  Drone  
  18  1:28  Drone  
  19  1:57  Overlord  
  19  2:00  Queen  
  21  2:02  Drone  
  21  2:04  Zergling x2  
  21  2:05  Queen  
  21  2:06  Drone  
  26  2:15  Metabolic Boost  
  26  2:17  Drone x2  
  26  2:22  Zergling x2  
  29  2:25  Drone  
  30  2:40  Hatchery  
  29  2:45  Drone  
  29  2:46  Drone x2  
  29  2:49  Queen  
  34  3:06  Baneling Nest  
  34  3:07  Zergling x6  
  36  3:25  Overlord  
  36  3:35  Overlord  
  36  3:45  Zergling x8  
  36  3:46  Zergling x4  
  42  4:07  Drone x9  
  51  4:12  Zergling x2  
  51  4:13  Baneling x2  
  51  4:14  Baneling x5  
  40  4:39  Zergling x6  
  40  4:40  Zergling x10  
  46  4:53  Queen  
  46  4:54  Drone x3  
  46  4:55  Drone x2  
  46  4:59  Drone x2  
  55  5:03  Baneling  
  53  5:25  Drone, Spine Crawler  
  53  5:29  Zergling x2  
  53  5:30  Zergling x8  
  53  5:34  Lair  
  58  5:49  Baneling  
  48  6:06  Drone x6  
  48  6:10  Extractor  
  53  6:11  Zergling x2  
  53  6:12  Zergling x8  
  53  6:13  Overlord  
  57  6:22  Zergling x2  
  57  6:24  Overlord  
  58  6:33  Drone x2  
  58  6:39  Queen  
  62  6:40  Spire  
  61  6:49  Drone x9  
  61  6:51  Drone  
  61  6:52  Drone  
  72  6:55  Extractor  
  72  6:56  Extractor, Hatchery  
  69  7:13  Drone x6  
  73  7:22  Extractor  
  73  7:24  Extractor  
  73  7:27  Drone  
  73  7:28  Overlord x2  
  71  7:30  Evolution Chamber x2  
  71  7:32  Drone  
  71  7:33  Drone x3, Overlord  
  73  7:44  Drone  
  71  8:00  Mutalisk x7  
  71  8:03  Drone  
  71  8:04  Drone x8  
  90  8:25  Queen  
  90  8:26  Drone x9  
  101  8:30  Drone x5  
  101  8:31  Zerg Melee Weapons Level 1  
  101  8:32  Zerg Ground Armor Level 1  
  104  8:41  Extractor  
  104  8:42  Zerg Flyer Weapons Level 1  
  104  8:43  Extractor  
  104  8:45  Mutalisk  
  104  8:47  Hatchery, Overlord  
  104  8:48  Overlord x2  
  103  9:00  Overlord x2  
  103  9:02  Extractor x2, Queen  
  104  9:04  Queen  
  104  9:05  Queen  
  104  9:09  Mutalisk  
  93  9:11  Mutalisk x6  
  93  9:14  Zergling x6  
  93  9:15  Zergling x12  
  116  9:23  Mutalisk x3  
  122  9:31  Drone  
  122  9:32  Drone x4  
  122  9:37  Drone x4  
  131  9:39  Baneling x3  
  131  9:49  Mutalisk x5  
  131  9:52  Baneling x3  
  141  9:57  Drone x3  
  136  10:31  Overlord  
  136  10:32  Drone x7, Queen  
  136  10:33  Drone x2  
  136  10:34  Overlord  
  147  10:44  Overlord x2  
  147  10:46  Zerg Flyer Weapons Level 2  
  147  10:52  Zerg Ground Armor Level 2, Zerg Melee Weapons Level 2  
  147  10:53  Zergling x28  
  147  10:54  Zergling x8  
  147  10:56  Hatchery  
  164  10:59  Infestation Pit  
  164  11:02  Mutalisk x4  
  170  11:16  Mutalisk x6  
  172  11:37  Mutalisk x2  
  172  11:39  Overlord  
  176  11:43  Infestation Pit  
  176  11:44  Hive  
  164  11:50  Mutalisk x7  
  178  11:56  Overlord  
  178  11:59  Spore Crawler  
  177  12:04  Mutalisk x6, Spore Crawler  
  177  12:07  Overlord x2  
  188  12:12  Spore Crawler  
  187  12:23  Extractor, Overseer  
  187  12:24  Overlord  
  187  12:25  Extractor, Spore Crawler  
  148  13:14  Mutalisk x2  
  148  13:18  Zerg Flyer Weapons Level 3  
  152  13:22  Mutalisk  
  152  13:23  Mutalisk x7  
  152  13:25  Zergling x22  
  177  13:27  Zerg Melee Weapons Level 3, Zerg Ground Armor Level 3  
  177  13:28  Adrenal Glands  
  177  13:31  Ultralisk Cavern  
  177  13:32  Zergling x4  
  177  13:33  Zergling x36  
  196  13:48  Baneling x3  
  196  13:49  Baneling x3  
  196  13:51  Spore Crawler x2  
  196  13:52  Spore Crawler  
  196  13:53  Drone x3  
  196  13:54  Drone x3  
  196  13:55  Drone  
  200  13:56  Overlord  
  200  14:21  Hatchery  
  169  14:42  Zergling x16  
  148  14:50  Ultralisk  
  148  14:51  Ultralisk x4  
  148  14:52  Zergling x26  
  167  14:58  Chitinous Plating  
  167  14:59  Zergling x2  
  166  15:00  Zergling x8  
  170  15:09  Baneling x8  
  170  15:11  Corruptor x4  
  178  15:31  Zergling x26  
  188  15:47  Viper x4  
  189  15:55  Burrow  
  182  16:00  Hydralisk Den  
  181  16:04  Zerg Missile Weapons Level 1  
  181  16:07  Queen  
  183  16:11  Zergling x2  
  183  16:12  Zergling x20  
  183  16:17  Anabolic Synthesis  
  146  16:49  Zergling x2  
  146  16:50  Zergling x24, Ultralisk  
  146  16:51  Zergling x2  
  162  17:09  Zergling x2  
  162  17:10  Zergling x16  
  162  17:11  Overlord  
  154  17:49  Viper x2  
  154  17:50  Viper x3  
  168  17:52  Viper x2  
  168  17:53  Corruptor  
  168  17:54  Corruptor x11  
  192  17:59  Extractor  
  192  18:01  Extractor  
  192  18:05  Spore Crawler x3  
  189  18:07  Lurker Den  
Show
View Real Time Build Order
Export as new Build Order

Massa Terran 

Build Orders:  

Get SALT Encoding   

  12  0:02  SCV  
  13  0:14  SCV  
  13  0:19  Supply Depot  
  14  0:26  SCV  
  15  0:40  SCV  
  15  0:42  Barracks  
  16  0:52  SCV  
  17  1:04  SCV  
  18  1:16  SCV  
  19  1:20  Refinery  
  19  1:29  SCV  
  20  1:35  Supply Depot  
  20  1:37  Marine  
  20  1:38  Command Center  
  21  1:42  SCV  
  22  1:50  Refinery  
  22  1:54  SCV  
  23  1:57  Marine  
  24  2:07  Orbital Command  
  24  2:12  Barracks  
  24  2:19  Reaper  
  25  2:33  Factory  
  25  2:48  SCV  
  26  2:57  Barracks Reactor  
  26  3:00  SCV  
  27  3:09  Orbital Command  
  27  3:13  SCV  
  27  3:15  Marine  
  27  3:19  Factory Tech Lab  
  29  3:25  SCV  
  30  3:33  Marine  
  31  3:38  Engineering Bay  
  31  3:40  Starport, Siege Tank  
  33  3:58  Marine x2  
  33  4:00  Barracks Tech Lab  
  35  4:12  Siege Tank  
  35  4:16  Marine x2  
  40  4:20  Bunker  
  40  4:23  Marauder  
  42  4:32  Medivac  
  42  4:33  Marine x2  
  46  4:42  Command Center, Missile Turret  
  46  4:51  Supply Depot  
  46  4:55  Supply Depot  
  46  5:12  Marine  
  46  5:13  SCV x2, Marauder  
  51  5:40  Marauder, Marine x2  
  51  5:41  Stimpack  
  55  5:44  Medivac  
  57  5:58  Marine  
  57  5:59  SCV x2  
  57  6:01  Marine  
  57  6:02  Marauder  
  63  6:10  Barracks  
  63  6:11  SCV x2  
  65  6:13  Barracks  
  65  6:14  Medivac  
  65  6:15  Barracks  
  65  6:16  Barracks, Marine  
  68  6:19  Marine  
  68  6:23  SCV x2, Marauder  
  71  6:34  Marine  
  71  6:37  Marine  
  73  6:44  Marauder  
  75  6:50  Siege Tank  
  75  6:53  Marine  
  77  6:55  Marine  
  77  6:59  Orbital Command  
  74  7:02  SCV x2  
  76  7:11  Marine  
  76  7:12  Supply Depot x2  
  76  7:13  Supply Depot  
  77  7:30  SCV x2  
  77  7:34  SCV, Marauder, Marine  
  81  7:37  Supply Depot  
  81  7:42  SCV x2  
  81  7:43  Sensor Tower  
  83  7:46  SCV, Missile Turret  
  83  7:49  Barracks Reactor x2, Barracks Tech Lab x2  
  83  7:51  Marine x2  
  84  7:53  Siege Tank  
  84  7:54  SCV x2  
  84  7:56  Marauder  
  93  7:58  SCV  
  93  7:59  Refinery  
  93  8:01  Refinery, Terran Infantry Weapons Level 1  
  94  8:06  SCV x2  
  94  8:08  Starport Reactor  
  94  8:09  Marine x2  
  94  8:12  Refinery x2  
  98  8:17  Marauder  
  100  8:31  Marauder x2, Marine x3  
  100  8:32  Marine x2  
  109  8:44  Marine  
  109  8:46  Marauder, Supply Depot  
  109  8:47  Supply Depot x2  
  107  8:48  Marine  
  107  8:49  Marine  
  107  8:51  Marine x2  
  107  8:52  Marauder  
  109  9:06  Marauder  
  109  9:08  Marauder  
  109  9:09  Supply Depot  
  110  9:11  Marine x4  
  110  9:12  Marine x2  
  110  9:14  Marauder  
  110  9:15  SCV  
  119  9:27  Marauder  
  119  9:29  Marauder, Marine x3  
  126  9:35  Marauder  
  128  9:44  Marine x3  
  131  9:47  Marine x3  
  131  9:48  Marauder  
  131  9:51  Marauder  
  138  9:56  Marauder  
  140  10:10  Marauder  
  140  10:12  Marauder  
  112  10:29  Marauder, Marine x3  
  112  10:32  Marauder  
  112  10:33  Marauder  
  112  10:34  Missile Turret  
  112  10:35  SCV x3  
  119  10:40  Siege Tank  
  123  10:44  Medivac x2  
  123  10:47  SCV x2  
  123  10:48  SCV  
  130  10:50  Marauder  
  130  10:53  Starport, Marauder  
  134  10:57  Starport  
  134  10:59  SCV x2, Armory  
  134  11:00  SCV  
  137  11:11  SCV  
  137  11:14  Medivac x2  
  135  11:25  Missile Turret  
  135  11:26  Missile Turret  
  135  11:27  Missile Turret x2  
  135  11:28  Missile Turret x2  
  135  11:29  Missile Turret  
  135  11:31  Missile Turret x2  
  135  11:32  Missile Turret  
  115  12:33  Command Center  
  115  12:35  Engineering Bay x2  
  115  12:43  Supply Depot  
  115  12:44  Supply Depot  
  111  12:45  Supply Depot  
  111  12:47  Viking  
  110  13:05  Marine x5, Viking x3  
  123  13:06  Marauder  
  123  13:09  Supply Depot x2  
  123  13:13  Missile Turret  
  123  13:14  Missile Turret x2  
  123  13:15  Terran Infantry Armor Level 1, Missile Turret x2  
  123  13:17  Viking  
  127  13:27  Marauder  
  127  13:28  Combat Shield  
  127  13:30  Barracks Tech Lab  
  127  13:34  Sensor Tower, Missile Turret  
  127  13:35  Viking  
  127  13:37  Missile Turret x3  
  127  13:40  Factory  
  129  13:43  Factory  
  129  13:54  Orbital Command  
  129  13:59  Command Center  
  129  14:05  Viking  
  129  14:09  Sensor Tower  
  131  14:19  Marauder x2, Marine x4  
  131  14:20  Marine  
  140  14:25  Factory Tech Lab  
  140  14:26  Factory Tech Lab  
  140  14:40  Marauder x2  
  112  15:01  Marauder  
  114  15:11  Marauder, Marine  
  114  15:12  Marine x4  
  121  15:20  SCV x2  
  123  15:23  Marauder  
  123  15:24  Refinery  
  123  15:26  Refinery  
  125  15:29  Siege Tank x2  
  125  15:32  SCV x2  
  125  15:33  Marauder  
  125  15:35  Viking x4  
  141  15:36  Armory  
  141  15:37  Armory  
  143  15:44  SCV x2  
  145  15:56  SCV  
  146  16:03  Factory  
  146  16:05  Viking x2  
  146  16:07  Medivac x2  
  154  16:23  Factory  
  142  16:35  Medivac x2  
  108  16:40  Marauder x2  
  108  16:41  Marine x2  
  108  16:42  Marine x2  
  114  16:52  Factory Reactor  
  96  16:58  Marine  
  96  16:59  Marine x2  
  85  17:02  Marauder x2  
  84  17:11  Planetary Fortress  
  84  17:15  SCV x2  
  86  17:23  Marauder x2  
  86  17:27  SCV x2  
  90  17:35  Orbital Command  
  86  17:39  SCV x2  
  86  17:43  Missile Turret  
  80  17:44  Marauder x2, Missile Turret  
  80  17:45  Missile Turret  
  80  17:57  Marine x6  
  82  18:06  Marauder x2  
  82  18:12  Armory  
  86  18:14  Marine  
  86  18:15  Marine x5  
  86  18:19  Factory Reactor  
Show
View Real Time Build Order
Export as new Build Order

qqq Zerg 

Build Orders: Hatch First 

Get SALT Encoding   

  12  0:00  Drone  
  13  0:09  Drone  
  14  0:23  Overlord  
  14  0:43  Hatchery  
  14  0:47  Drone  
  14  0:51  Drone  
  14  0:55  Drone  
  16  1:13  Spawning Pool  
  15  1:26  Drone x2  
  15  1:27  Drone  
  15  1:28  Extractor  
  17  1:38  Drone  
  18  1:56  Drone  
  18  1:57  Drone  
  18  2:00  Queen  
  22  2:02  Queen  
  22  2:04  Drone  
  25  2:15  Spine Crawler  
  25  2:19  Zergling x2  
  25  2:22  Overlord  
  25  2:23  Drone  
  25  2:26  Zergling x2  
  25  2:28  Drone  
  28  2:40  Extractor  
  28  2:41  Metabolic Boost  
  28  2:42  Overlord  
  28  2:43  Zergling x2  
  29  2:45  Zergling x2  
  29  2:51  Zergling x2  
  31  2:55  Zergling x2  
  31  2:56  Baneling Nest  
  31  3:00  Zergling x2  
  31  3:05  Zergling x2  
  33  3:14  Zergling x2  
  33  3:17  Drone x2  
  33  3:18  Zergling x2  
  33  3:19  Zergling x6  
  40  3:31  Overlord  
  40  3:41  Baneling x3  
  40  3:46  Zergling x6  
  40  3:47  Drone  
  44  3:48  Overlord  
  44  3:49  Overlord  
  44  4:03  Zergling x6  
  44  4:04  Drone x2  
  40  4:52  Zergling x6  
  39  4:53  Drone  
  39  4:54  Zergling x4  
  39  4:55  Lair  
  39  4:58  Baneling  
  39  4:59  Baneling x2  
  40  5:13  Hatchery  
  36  5:18  Zergling x4  
  36  5:19  Drone x2  
  39  5:31  Drone  
  39  5:32  Extractor  
  39  5:36  Zergling x2  
  39  5:37  Zergling x4  
  39  5:40  Baneling  
  30  6:06  Zergling x6  
  30  6:08  Drone x2  
  30  6:10  Queen  
  37  6:15  Drone  
  38  6:19  Spire  
  38  6:20  Drone x3  
  40  6:29  Roach Warren  
  40  6:30  Drone  
  40  6:31  Drone  
  41  6:34  Drone  
  41  6:36  Extractor  
  41  6:43  Drone x4  
  41  6:44  Drone x2  
  47  6:47  Baneling x2  
  47  6:55  Drone x3  
  47  6:56  Hatchery  
  47  6:57  Drone x3  
  47  7:01  Hatchery  
  51  7:09  Infestation Pit  
  51  7:10  Drone x2  
  51  7:11  Drone x3, Evolution Chamber  
  51  7:13  Evolution Chamber  
  53  7:19  Baneling x3  
  53  7:28  Zergling x4  
  53  7:29  Roach x2  
  59  7:32  Mutalisk x2  
  59  7:33  Roach  
  59  7:34  Zergling x4  
  64  7:52  Mutalisk x2, Zergling x2  
  64  7:54  Roach  
  64  7:58  Drone x2  
  72  8:17  Drone x6  
  72  8:23  Roach x6  
  72  8:24  Roach x2  
  83  8:34  Roach  
  83  8:35  Overlord x2  
  83  8:36  Overlord  
  84  8:43  Hive  
  84  8:49  Extractor  
  84  8:53  Overlord  
  83  8:59  Mutalisk  
  85  9:10  Drone x2  
  85  9:11  Drone  
  88  9:19  Extractor, Mutalisk x2  
  88  9:22  Extractor  
  90  9:26  Hatchery  
  90  9:28  Hatchery  
  88  9:34  Hatchery  
  87  9:43  Mutalisk x2  
  91  9:46  Zergling x4, Overlord x3  
  91  9:47  Drone x3  
  94  9:56  Spore Crawler  
  94  9:59  Spore Crawler  
  90  10:00  Spore Crawler, Zerg Flyer Weapons Level 1  
  89  10:07  Mutalisk x3  
  89  10:08  Drone  
  96  10:18  Viper  
  99  10:24  Corruptor  
  99  10:27  Drone x2  
  103  10:30  Zergling x10  
  108  10:36  Drone  
  108  10:41  Mutalisk x2  
  108  10:42  Mutalisk  
  113  10:43  Drone x2  
  117  10:55  Queen x3  
  117  10:56  Mutalisk  
  123  10:58  Corruptor  
  127  11:08  Viper  
  130  11:12  Drone x6  
  130  11:13  Drone x2  
  138  11:20  Corruptor x2  
  138  11:22  Drone  
  140  11:37  Corruptor  
  140  11:39  Drone x3  
  146  11:40  Drone x2  
  146  11:42  Overlord x4  
  147  11:59  Overlord x3  
  147  12:08  Corruptor  
  147  12:09  Corruptor  
  147  12:10  Drone x5  
  147  12:11  Drone x7  
  147  12:14  Spore Crawler  
  162  12:16  Spine Crawler  
  159  12:29  Mutalisk, Corruptor x3  
  156  13:09  Mutalisk  
  156  13:10  Mutalisk x7, Roach x3  
  168  13:16  Viper  
  165  13:22  Drone x4  
  165  13:28  Extractor x2  
  165  13:29  Extractor  
  165  13:30  Extractor  
  161  13:34  Spore Crawler  
  161  13:35  Spine Crawler, Corruptor x2  
  161  13:36  Extractor x2, Corruptor x2  
  161  13:37  Drone x2  
  161  13:38  Drone x6  
  173  13:52  Drone  
  174  14:00  Zerg Flyer Weapons Level 2  
  174  14:05  Viper  
  174  14:07  Zergling x4  
  174  14:08  Zergling x12  
  179  14:28  Drone x3  
  180  14:33  Mutalisk, Corruptor x2  
  180  14:35  Swarm Host  
  160  14:47  Mutalisk x3  
  160  14:48  Mutalisk x2  
  166  14:55  Drone x2  
  166  14:56  Drone x4  
  172  15:04  Mutalisk x2  
  172  15:05  Mutalisk  
  172  15:06  Viper  
  181  15:09  Hatchery  
  181  15:10  Drone x2  
  182  15:15  Overlord x5  
  182  15:29  Overlord x3  
  179  15:47  Drone  
  179  15:48  Drone x5  
  168  15:59  Drone  
  168  16:03  Spore Crawler  
  168  16:04  Spine Crawler  
  168  16:05  Drone, Spine Crawler  
  167  16:11  Spine Crawler, Mutalisk  
  167  16:12  Mutalisk x2, Spine Crawler  
  167  16:13  Zergling x12  
  167  16:16  Zerg Flyer Armor Level 1  
  177  16:26  Mutalisk x3  
  139  17:13  Corruptor  
  139  17:14  Corruptor x4  
  139  17:15  Viper x4  
  120  17:16  Corruptor x3  
  120  17:17  Corruptor x5  
  120  17:18  Corruptor  
  149  17:30  Drone  
  149  17:33  Spine Crawler  
  149  17:35  Spine Crawler  
  138  17:43  Drone x2  
  138  17:44  Drone  
  125  18:03  Ultralisk Cavern  
  124  18:18  Zergling x2  
  124  18:19  Zergling x2  
Tags
 
Add a new tag
Caveats
  • Supply blocks, unpowered buildings, or Contaminate may cause inaccurate times.
  • Supply counts are checked every 10 seconds.